 Dungeon Crawl Stone Soup version 0.25-a0-292-gaa31f046c4 (webtiles) character file.

Game seed: 12656793806998636341, levelgen mode: deterministic

20 floatRand the Insei (level 2, -2/24 HPs)
             Began as a Demonspawn Monk on Dec 15, 2019.
             Slain by a kobold
             ... wielding a +0 short sword
              (4 damage)
             ... on level 2 of the Dungeon.
             The game lasted 00:00:39 (947 turns).

floatRand the Insei (Demonspawn Monk)                Turns: 947, Time: 00:00:40

Health: -2/24      AC:  2    Str: 11    XL:     2   Next: 58%
Magic:  11/11      EV: 13    Int: 11    God:
Gold:   77         SH:  0    Dex: 15    Spells: 1/1 levels left

rFire    . . .     SeeInvis .     - Unarmed
rCold    . . .     Gourm    .   (no shield)
rNeg     . . .     Faith    .   k - +0 robe (curse)
rPois    .         Spirit   .   (no helmet)
rElec    .         Reflect  .   (no cloak)
rCorr    .         Harm     .   (no gloves)
MR       .....                  (no boots)
Stlth    ++........             (no amulet)
HPRegen  0.08/turn              i - ring of magical power
MPRegen  0.12/turn              (no ring)

@: no status effects
A: powered by pain 1
a: no special abilities


You were on level 2 of the Dungeon.
You were not hungry.

You visited 1 branch of the dungeon, and saw 2 of its levels.

You collected 77 gold pieces.

Inventory:

Armour
 a - a +0 robe
 k - a cursed +0 robe (worn)
Jewellery
 i - a ring of magical power (left hand)
 n - an uncursed ring of flight {unknown}
Scrolls
 c - a scroll of identify {unknown}
 e - a scroll of fog {unknown}
 h - 2 scrolls of remove curse {unknown}
 l - 2 scrolls of enchant weapon {unknown}
 o - a scroll of teleportation {unknown}
 p - a scroll of magic mapping {unknown}
Potions
 d - a potion of curing {unknown}
 g - a potion of brilliance {unknown}
 j - a potion of might {unknown}
 m - a potion of mutation {unknown}
Comestibles
 b - 4 rations


   Skills:
 - Level 3.0 Fighting
 - Level 2.6 Dodging
 - Level 1.7 Stealth
 + Level 3.6 Unarmed Combat


You had one spell level left.
You didn't know any spells.
Your spell library was empty.

Dungeon Overview and Level Annotations

Branches:
Dungeon (2/15)

Altars:


Innate Abilities, Weirdness & Mutations

You sometimes gain a little power by taking damage.


Message History

* * * LOW HITPOINT WARNING * * *
The rat misses you. The leopard gecko barely misses you.
The kobold hits you with a +0 short sword.
* * * LOW HITPOINT WARNING * * *
Found a stone staircase leading up.
You see here 8 gold pieces.
The leopard gecko bites you.
* * * LOW HITPOINT WARNING * * *
You hit the leopard gecko.
You kill the leopard gecko!
The kobold throws a stone.
The stone hits you but does no damage.
You are too injured to fight recklessly!
Unknown command.
The kobold barely misses you.
You see here 8 gold pieces.
You are too injured to fight recklessly!
Unknown command.
You barely miss the kobold.
The kobold hits you with a +0 short sword.
You die...

# ..# .# #.
..##. .###...#
...<.. ..#.
....# ..#. ...
..... #.# ....
#(# ...#@#
#.#K####### . #
#..r.#.....
..#.###........
............##.
..#........##..
$......<.....<.
.......(....##.
...#...#.#>.#


You could see a kobold and a rat.

Vanquished Creatures
  A dart slug (D:1)
  3 leopard geckos
  A giant cockroach (D:1)
  A hobgoblin (D:1)
  3 bats (D:1)
  2 goblins (D:1)
  3 kobolds (D:1)
14 creatures vanquished.

Notes
Turn   | Place    | Note
-------+----------+-------------------------------------------
     0 | D:1      | floatRand the Demonspawn Monk began the quest for the Orb.
     0 | D:1      | Reached XP level 1. HP: 18/18 MP: 1/1
   319 | D:1      | Gained mutation: You sometimes gain a little power by
                  | taking damage. [demonic ancestry]
   319 | D:1      | Reached XP level 2. HP: 21/24 MP: 2/2
   947 | D:2      | Slain by a kobold

Levels and vault maps discovered:
D:1:      giann_bridges, layout_basic
D:2:      layout_rooms, uniq_robin

Skill      XL: |  1 |
---------------+----+-----
Unarmed Combat | 3 |  3.6
Fighting       | |  3.0
Dodging        | |  2.6
Stealth        | |  1.7

Action                   || total
-------------------------++-------
Melee: Unarmed           ||    69
       Punch             ||     3
Armor: Robe              ||    17
Dodge: Dodged            ||    71

Table legend:
 A = Non-vault XP
 B = Vault XP
 C = Vault XP percentage of total XP
 D = Non-vault monster count
 E = Vault monster count
 F = Vault count percentage of total count
                 A         B        C        D         E       F
            +---------+---------+-------+---------+---------+-------
      Total |      29 |       0 |   0.0 |      14 |       0 |   0.0
            +---------+---------+-------+---------+---------+-------
        D:1 |      23 |       0 |   0.0 |      12 |       0 |   0.0
        D:2 |       6 |       0 |   0.0 |       2 |       0 |   0.0
            +---------+---------+-------+---------+---------+-------
